 Dungeon Crawl Stone Soup version 0.18-a0-1-gfac8111 (webtiles) character file.

67177 xeno23 the Fencer (level 14, -21/129 HPs)
             Began as a Deep Dwarf Necromancer on Oct 29, 2015.
             Was the Champion of Makhleb.
             Demolished by a very large slime creature (49 damage)
             ... on level 12 of the Dungeon on Oct 30, 2015.
             The game lasted 05:01:34 (25284 turns).

xeno23 the Fencer (Deep Dwarf Necromancer)         Turns: 25284, Time: 05:01:34

Health: -21/129    AC: 15    Str: 17    XL:     14   Next: 82%
Magic:  1/27       EV: 16    Int: 22    God:    Makhleb [******]
Gold:   2776       SH:  0    Dex: 14    Spells: 7 memorised, 8 levels left

rFire  + . .     SeeInvis .     a - +3 falchion (freeze)
rCold  + . .     Clarity  .     I - +7 ring mail "Hucs" {rElec Int+3}
rNeg   + + .     SustAt   .     (no shield)
rPois  +         Gourm    .     M - -2 hat of the Alchemist {rElec rPois rF+ rC+ rN+ MR+ rMut rCorr}
rElec  +         Spirit   .     i - +1 cloak
rCorr  +         Warding  .     z - +1 pair of gloves
rMut   +         Stasis   .     (no boots)
MR     +++..                    n - amulet of rage
Stlth  ++........               Q - +3 ring of slaying
                                H - +4 ring of strength

@: non-regenerating, extremely resistant to hostile enchantments, unstealthy
A: damage resistance, recharge devices, negative energy resistance 1, sense
surroundings 2, slow regeneration 3
a: Device Recharging, Minor Destruction, Lesser Servant of Makhleb, Major
Destruction, Greater Servant of Makhleb, Renounce Religion, Evoke Berserk Rage


You were on level 12 of the Dungeon.
You worshipped Makhleb.
Makhleb was exalted by your worship.
You were very hungry.

You visited 4 branches of the dungeon, and saw 25 of its levels.
You also visited: Sewer.

You collected 3136 gold pieces.
You spent 360 gold pieces at shops.

Inventory:

Hand Weapons
 a - a +3 falchion of freezing (weapon)
 b - a +0 blowgun
 u - a +2 rapier of holy wrath
 S - a +2 demon whip of electrocution
Missiles
 l - 66 poisoned needles
Armour
 i - a +1 cloak (worn)
 z - a +1 pair of gloves (worn)
 I - the +7 ring mail "Hucs" (worn) {rElec Int+3}
   (You found it on level 10 of the Dungeon)

   It affects your intelligence (+3).
   It insulates you from electricity.
 M - the -2 hat of the Alchemist (worn) {rElec rPois rF+ rC+ rN+ MR+ rMut rCorr}
   (You found it on level 6 of the Dungeon)

   It protects you from fire.
   It protects you from cold.
   It insulates you from electricity.
   It protects you from poison.
   It protects you from negative energy.
   It affects your resistance to hostile enchantments.
   It protects you from acid and corrosion.
   It protects you from mutation.
Jewellery
 n - an amulet of rage (around neck)
 F - an uncursed ring of flight
 H - a +4 ring of strength (left hand)
 Q - a +3 ring of slaying (right hand)
 R - an uncursed ring of protection from fire
 T - an uncursed ring of protection from cold
Wands
 c - a wand of heal wounds (2)
 k - a wand of flame (29)
 q - a wand of slowing (25)
 N - a wand of fire (6)
 U - a wand of lightning (8)
 Y - a wand of cold (7)
Scrolls
 o - 7 scrolls of teleportation
 s - 3 scrolls of blinking
 x - 3 scrolls of magic mapping
 y - 6 scrolls of identify
 A - 2 scrolls of enchant weapon
 C - 2 scrolls of recharging
 E - 3 scrolls of fog
 J - 6 scrolls of amnesia
 O - a scroll of remove curse
 V - a scroll of immolation
 W - a scroll of fear
Potions
 d - 2 potions of agility
 f - a potion of invisibility
 g - a potion of magic
 h - 10 potions of curing
 p - 4 potions of flight
 r - 5 potions of brilliance
 v - 4 potions of might
 w - 2 potions of resistance
 B - 9 potions of heal wounds
 K - 2 potions of ambrosia
Books
 G - a book of Minor Magic

   Spells                             Type                      Level
   a - Magic Dart                     Conjuration                  1
   b - Blink                          Translocation                2
   c - Call Imp                       Summoning                    2
   d - Repel Missiles                 Charms/Air                   2
   e - Slow                           Hexes                        2
   f - Conjure Flame                  Conjuration/Fire             3
   g - Mephitic Cloud                 Conjuration/Poison/Air       3
 L - a book of Minor Magic

   Spells                             Type                      Level
   a - Magic Dart                     Conjuration                  1
   b - Blink                          Translocation                2
   c - Call Imp                       Summoning                    2
   d - Repel Missiles                 Charms/Air                   2
   e - Slow                           Hexes                        2
   f - Conjure Flame                  Conjuration/Fire             3
   g - Mephitic Cloud                 Conjuration/Poison/Air       3
Comestibles
 j - 10 meat rations
 m - 9 beef jerkies
 t - 7 slices of pizza
 D - 11 bread rations
 P - 2 chunks of flesh


   Skills:
 + Level 9.1 Fighting
 - Level 15.0 Long Blades
 - Level 6.0 Armour
 + Level 9.6 Dodging
 - Level 3.0 Stealth
 - Level 9.0 Spellcasting
 + Level 12.5 Necromancy
 + Level 9.2 Invocations


You had 8 spell levels left.
You knew the following spells:

 Your Spells              Type           Power        Failure   Level  Hunger
a - Pain                  Necr           ####         1%          1    None
c - Control Undead        Necr           ######....   1%          4    ##.....
d - Vampiric Draining     Necr           ######....   1%          3    None
e - Cigotuvi's Embrace    Necr           ######....   1%          5    #####..
s - Animate Skeleton      Necr           N/A          1%          1    None
w - Agony                 Necr           ######..     1%          5    #####..
x - Animate Dead          Necr           N/A          1%          4    ##.....


Dungeon Overview and Level Annotations

Branches:
Dungeon (12/15)            Temple (1/1) D:5            Lair (8/8) D:11
  Swamp (0/4) Lair:3        Snake (0/4) Lair:4        Slime (0/6) Lair:8
    Orc (4/4) D:9             Elf (0/3) Orc:4

Altars:
Ashenzari
Cheibriados
Dithmenos
Elyvilon
Fedhas
Gozag
Kikubaaqudgha
Makhleb
Nemelex Xobeh
Okawaru
Qazlal
Ru
Sif Muna
Trog
Vehumet
Xom
Yredelemnul
Zin
The Shining One

Shops:
Orc:3 *   Orc:4 }!*

Portals:
Pandemonium: Orc:4


Innate Abilities, Weirdness & Mutations

You are resistant to damage.
You can recharge devices by infusing magical energy.
You resist negative energy.
You passively map the area around you.
You do not regenerate naturally.


Message History

The very large slime creature hits you!!
Something hits you but does no damage.
You take 28 damage.
You slash the very large slime creature!
You freeze the very large slime creature.
The very large slime creature is severely wounded.
The slime creature hits you!
* * * LOW HITPOINT WARNING * * *
The slime creature barely misses you.
The very large slime creature hits you!!
* * * LOW HITPOINT WARNING * * *
You take 38 damage.
Evoke which item? (* to show all) (? for menu, Esc to quit)
Zapping:
c - a wand of heal wounds (3)
Press: ? - help, Shift-Dir - straight line, f - you, p - very large slime creature You feel much better.
This wand has 2 charges left.
Something hits you but does no damage. The slime creature hits you.
The slime creature hits you but does no damage.
The very large slime creature hits you!!!
You die...

* , , ,* *,,,* , , ,* * , , *
* , , , * , * , # , , , ,, *
.# #* , ####........... ,* .#
#., * * #:# .p......., .# #.#.
### *........ ,* .# #...*
####### *......, ,Y..* .#
#.#.####.....## #....# .J.* .#
#....)......J@### ....# .. ,
.# #.#..)..).)./JJ.###...# JJ
,* .#
#.....).p).##....##..###.
.###.#........##.....)(.#}#...
..##.........####....†.#####..
#.##.#.......# #.....###.##* ,
#.##.........## #....###...###
#.##.#........#
##......)....#.
#.##..........#
#..............#


You could see a very large slime creature, 2 slime creatures and a wizard.

Vanquished Creatures
  Maud (Orc:4)
  Snorg (Orc:4)
  2 hydras
  A catoblepas (Lair:3)
  5 orc high priests (Orc:4)
  An infernal demonspawn (Orc:4)
  2 hill giants
  6 orc knights
  4 wizards (D:12)
  2 putrid demonspawn (Orc:4)
  A lindwurm (Lair:3)
  4 griffons
  9 orc sorcerers
  3 black mambas
  2 cyclopes
  2 rust devils (Orc:4)
  5 elephants
  15 spiny frogs
  Psyche (D:11)
  A torpor snail (Lair:8)
  7 komodo dragons
  3 fire drakes
  A kobold demonologist (Sewer)
  A troll (Orc:1)
  A hellwing (Orc:4)
  A polar bear (Lair:8)
  3 giant leeches (Lair:8)
  18 blink frogs
  A slime creature (D:12)
  4 deep elf magi
  A basilisk (Lair:7)
  35 yaks
  3 wyverns
  10 wolves
  3 wargs
  A hog (D:7)
  A hungry ghost (D:8)
  A human (D:7)
  10 hippogriffs
  9 vampire mosquitoes (Lair:8)
  Menkaure (D:5)
  A naga (Lair:4)
  6 swamp worms (Lair:3)
  8 porcupines
  6 water moccasins
  2 swamp drakes
  8 sky beasts
  2 phantoms (D:8)
  29 orc warriors
  A black bear (D:10)
  A necrophage (D:11)
  9 ogres
  6 ice beasts
  3 centaurs
  19 crocodiles
  24 giant frogs
  Blork the orc (Orc:3)
  A gnoll sergeant (D:11)
  3 big kobolds
  5 killer bees (D:10)
  4 scorpions
  4 wights
  9 electric eels
  11 crimson imps
  6 hounds
  7 jellies
  An iron imp (Orc:3)
  2 centaur zombies
  8 worker ants
  3 giant frog skeletons
  35 orc priests
  A centaur skeleton (D:11)
  A human skeleton (D:8)
  Jessica (D:3)
  28 orc wizards
  11 iguanas
  14 sheep
  A big kobold zombie (Sewer)
  5 hound skeletons
  3 hound zombies
  9 gnolls
  A mummy (D:8)
  2 worker ant zombies
  13 adders
  14 river rats
  5 shadow imps
  A white imp (Orc:3)
  3 ufetubi (Sewer)
  6 oozes
  6 worms
  6 giant geckos
  170 orcs
  11 bats
  A bat zombie (Sewer)
  7 giant cockroaches
  9 goblins
  4 hobgoblins
  20 jackals
  4 quokkas
  A ball python (D:5)
  A giant gecko skeleton (D:6)
  A giant gecko zombie (D:5)
  6 giant newts
  41 kobolds
  2 orc skeletons (D:8)
  An orc zombie (D:8)
  6 rats
  2 fungi (Lair:8)
  13 plants
839 creatures vanquished.

Vanquished Creatures (collateral kills)
  2 hydras (Lair:8)
  2 black mambas
  2 elephants
  A komodo dragon (Lair:7)
  5 spiny frogs
  A giant leech (Lair:8)
  5 blink frogs
  A basilisk (Lair:1)
  2 hippogriffs
  21 yaks
  3 water moccasins
  2 wolves (Lair:5)
  5 porcupines
  A sky beast (D:8)
  2 ogres (D:8)
  A crocodile (Lair:8)
  5 giant frogs
  2 electric eels (Lair:8)
  A jelly (Lair:8)
  2 wights
  A centaur zombie (D:8)
  3 human zombies (D:8)
  An orc priest (Orc:4)
  A giant frog skeleton (D:9)
  A human skeleton (D:8)
  An iguana (D:9)
  12 sheep
  A big kobold zombie (Sewer)
  A mummy (D:8)
  8 river rats (Lair:4)
  A shadow imp (D:8)
  An orc (D:7)
  3 kobolds
  A fungus (Lair:5)
  A plant (Lair:8)
103 creatures vanquished.

Vanquished Creatures (others)
  A vampire mosquito (Lair:8)
  An orc wizard (Orc:3)
  A big kobold zombie (Sewer)
  An ooze (Sewer)
  A bush (Lair:7)
  25 fungi
  30 plants
  8 toadstools (Lair:3)
68 creatures vanquished.

Grand Total: 1010 creatures vanquished

Notes
Turn   | Place    | Note
--------------------------------------------------------------
     0 | D:1      | xeno23 the Deep Dwarf Necromancer began the quest for the Orb.
     0 | D:1      | Reached XP level 1. HP: 15/15 MP: 3/3
    31 | D:1      | Learned a level 1 spell: Animate Skeleton
   297 | D:1      | Reached XP level 2. HP: 20/22 MP: 1/4
   875 | D:2      | Reached XP level 3. HP: 21/30 MP: 1/6
  1268 | D:2      | Reached skill level 1 in Fighting
  1272 | D:2      | Reached skill level 5 in Necromancy
  1350 | D:2      | Learned a level 3 spell: Vampiric Draining
  1388 | D:2      | Reached XP level 4. HP: 30/38 MP: 0/7
  1676 | D:3      | Noticed Jessica
  1692 | D:3      | Killed Jessica
  1821 | D:3      | Found a glowing drain.
  1909 | Sewer    | Entered a sewer
  1929 | Sewer    | Reached XP level 5. HP: 44/44 MP: 8/8
  1976 | Sewer    | Learned a level 4 spell: Animate Dead
  2103 | Sewer    | Found a burning altar of Makhleb.
  2142 | Sewer    | Reached skill level 1 in Armour
  2156 | Sewer    | Noticed Grinder
  2350 | Sewer    | Noticed an apprentice kobold demonologist
  2352 | Sewer    | Noticed a big kobold
  2404 | Sewer    | Killed an apprentice kobold demonologist
  2404 | Sewer    | Reached skill level 6 in Necromancy
  2404 | Sewer    | Reached XP level 6. HP: 35/52 MP: 0/11
  2423 | Sewer    | Killed a big kobold
  2423 | Sewer    | Reached XP level 7. HP: 28/60 MP: 0/12
  3253 | D:3      | Found a glowing golden altar of the Shining One.
  3548 | D:4      | Learned a level 4 spell: Control Undead
  3838 | D:4      | Reached skill level 7 in Necromancy
  4052 | D:4      | Reached XP level 8. HP: 59/68 MP: 9/14
  4389 | D:4      | Found a burning altar of Makhleb.
  4406 | D:4      | Became a worshipper of Makhleb the Destroyer
  4724 | D:5      | Entered Level 5 of the Dungeon
  4760 | D:5      | Found a staircase to the Ecumenical Temple.
  4766 | Temple   | Entered the Ecumenical Temple
  5212 | D:5      | Found a shattered altar of Ashenzari.
  5212 | D:5      | Found a deep blue altar of Sif Muna.
  5213 | D:5      | Found a blossoming altar of Fedhas.
  5260 | D:5      | Reached skill level 1 in Invocations
  5457 | D:5      | Noticed Menkaure
  5476 | D:5      | Killed Menkaure
  5476 | D:5      | Reached skill level 5 in Spellcasting
  5476 | D:5      | Reached skill level 8 in Necromancy
  5534 | D:5      | Reached * piety under Makhleb
  5534 | D:5      | Reached skill level 5 in Dodging
  5595 | D:5      | Found a glowing silver altar of Zin.
  5669 | D:5      | Found a shimmering altar of Xom.
  6234 | D:6      | Found a glowing silver altar of Zin.
  6241 | D:6      | Gained mutation: You passively map the area around you. [Deep Dwarf growth]
  6241 | D:6      | Reached XP level 9. HP: 67/78 MP: 13/17
  6298 | D:6      | Found an ancient bone altar of Kikubaaqudgha.
  6799 | D:6      | You fall through a shaft!
  6847 | D:7      | Reached ** piety under Makhleb
  7112 | D:6      | Reached skill level 9 in Necromancy
  7661 | D:7      | Found an opulent altar of Gozag.
  7922 | D:7      | Reached skill level 5 in Fighting
  8367 | D:8      | Found a shattered altar of Ashenzari.
  8459 | D:8      | Noticed a hill giant
  8511 | D:8      | Killed a hill giant
  8511 | D:8      | Reached *** piety under Makhleb
  8511 | D:8      | Reached skill level 10 in Necromancy
  8511 | D:8      | Reached skill level 5 in Invocations
  8511 | D:8      | Reached XP level 10. HP: 78/91 MP: 7/19
  8927 | D:8      | You fall through a shaft!
  8927 | D:9      | Found a staircase to the Orcish Mines.
  9196 | D:8      | Found a snail-covered altar of Cheibriados.
  9301 | D:8      | Found a sparkling altar of Nemelex Xobeh.
  9301 | D:8      | Found an opulent altar of Gozag.
  9483 | D:8      | Found a basalt altar of Yredelemnul.
  9784 | D:9      | Reached **** piety under Makhleb
 10163 | D:9      | Reached skill level 11 in Necromancy
 10349 | D:9      | Learned a level 5 spell: Cigotuvi's Embrace
 10416 | Orc:1    | Entered Level 1 of the Orcish Mines
 10579 | D:10     | Entered Level 10 of the Dungeon
 10727 | D:10     | Got a distressingly furry ring mail
 10738 | D:10     | Identified the +7 ring mail "Hucs" {rElec Int+3} (You found it on level 10 of the Dungeon)
 11258 | D:10     | Reached ***** piety under Makhleb
 11258 | D:10     | Reached XP level 11. HP: 100/100 MP: 5/20
 11531 | D:11     | Found a staircase to the Lair.
 11544 | D:11     | Noticed Psyche
 11556 | D:11     | Killed Psyche
 11743 | D:11     | Got a polished flail
 11744 | D:11     | Identified the +4 flail "Nagilit" {freeze, *Confuse rPois rF+ Dex+3} (You found it on level 11 of the Dungeon)
 12232 | Lair:1   | Entered Level 1 of the Lair of Beasts
 12279 | Lair:1   | Got a spiked chain mail
 12328 | Lair:1   | Got a sheer robe
 12330 | Lair:1   | Identified the +2 robe "Oweitaysm" {rElec MR+} (You found it on level 1 of the Lair of Beasts)
 12639 | Lair:1   | Noticed an eight-headed hydra
 12655 | Lair:1   | Killed an eight-headed hydra
 13129 | Lair:1   | Identified the cursed +0 chain mail of the Archfiend {rPois rC+ rCorr Stlth+} (You found it on level 1 of the Lair of Beasts)
 13558 | Lair:2   | Reached skill level 1 in Long Blades
 14284 | Lair:3   | Reached skill level 5 in Long Blades
 15030 | Lair:3   | Found a staircase to the Swamp.
 15669 | Lair:3   | Reached XP level 12. HP: 109/109 MP: 15/21
 15707 | Lair:3   | Noticed a catoblepas
 15707 | Lair:3   | Noticed a lindwurm
 15723 | Lair:3   | Killed a catoblepas
 15732 | Lair:3   | Killed a lindwurm
 15878 | Lair:4   | Noticed a six-headed hydra
 15913 | Lair:4   | Killed a six-headed hydra
 16586 | Lair:4   | Found a staircase to the Snake Pit.
 16747 | Lair:5   | Reached skill level 10 in Long Blades
 16798 | Lair:5   | Reached ****** piety under Makhleb
 16992 | Lair:5   | Reached skill level 5 in Armour
 18073 | Lair:6   | Reached skill level 12 in Long Blades
 18319 | Lair:6   | Reached XP level 13. HP: 98/116 MP: 22/22
 18723 | Lair:7   | Got a pearl-encrusted plate armour
 18734 | Lair:7   | Identified the +9 plate armour of Resilience {Str-3 Dex+5} (You found it on level 7 of the Lair of Beasts)
 18889 | Lair:7   | Identified a scroll of acquirement
 19000 | Lair:7   | Reached skill level 13 in Long Blades
 19014 | Lair:8   | Entered Level 8 of the Lair of Beasts
 19278 | Lair:8   | Reached skill level 14 in Long Blades
 19692 | Lair:8   | Reached skill level 15 in Long Blades
 19732 | Lair:8   | Found a staircase to the Slime Pits.
 20692 | Lair:1   | Upgraded the game from 0.17-a0-2231-gd80ca38 to 0.18-a0-1-gfac8111
 20706 | Lair:1   | Learned a level 5 spell: Agony
 20894 | Orc:1    | Gained mutation: You resist negative energy. [Deep Dwarf growth]
 20894 | Orc:1    | Reached XP level 14. HP: 105/126 MP: 11/23
 21605 | Orc:3    | Found Tauf's General Store.
 21613 | Orc:3    | Bought a scroll of identify for 32 gold pieces
 21613 | Orc:3    | Bought a potion of curing for 48 gold pieces
 22121 | Orc:3    | Noticed Blork the orc
 22133 | Orc:3    | Killed Blork the orc
 22192 | Orc:3    | Got a transparent hat
 22203 | Orc:3    | Identified the +2 hat "Zeeb" {rElec rC+ Slay+3} (You found it on level 3 of the Orcish Mines)
 22528 | Orc:4    | Entered Level 4 of the Orcish Mines
 22661 | Orc:4    | Found Darritt's General Store.
 22663 | Orc:4    | Found Buubec's Distillery.
 23416 | Orc:4    | Bought a potion of magic for 104 gold pieces
 23418 | Orc:4    | Bought 2 potions of curing for 96 gold pieces
 23418 | Orc:4    | Bought a potion of heal wounds for 80 gold pieces
 23464 | Orc:4    | Noticed Snorg
 23482 | Orc:4    | Killed Snorg
 23623 | Orc:4    | Found a staircase to the Elven Halls.
 23694 | Orc:4    | Noticed Maud
 23722 | Orc:4    | Killed Maud
 24354 | Orc:4    | Found Daasku Haxi's Antique Weapon Shop.
 24354 | Orc:4    | Found a one-way gate leading to the halls of Pandemonium.
 24354 | Orc:4    | Found Kiuqikk's Gadget Boutique.
 25283 | D:12     | HP: 6/129 [very large slime creature (26)]
 25284 | D:12     | Demolished by a very large slime creature

Vault maps used:
D:1:      minmay_arrival_four_circles
D:2:      serial_bayou_crossing
D:3:      gup_sewer_entry_pipe, kennysheep_flooded_box, st_stairs_13,
          uniq_jessica
D:4:      kennysheep_kobold_camp, makhleb_heckhound_becter, first_bread
D:5:      led_xom_imps, nicolae_overflow_quartered_altars,
          minmay_temple_entry_hall, uniq_grinder, uniq_menkaure
D:6:      marbit_many_paths, basic_altar, st_stairs_6
D:7:      grunt_livestock, grunt_gozag_breadcrumbs
D:8:      kennysheep_blocky_room, grunt_temple_overflow_opulence, slow_altar_2,
          lemuel_mausoleum_altar_yredelemnul, ashenzari_altar_1
D:9:      erik_orc_1
D:11:     dpeg_oklobed_lair, uniq_psyche
D:12:     minmay_tri_stars, st_stairs_12, kennysheep_generic_room_7
Temple:   minmay_temple_bridge_a_8
Lair:1:   serial_bayou_pond_b
Lair:3:   gammafunk_lair_enchanted_lake, nicolae_swamp_entry_splash_gauntlet,
          nicolae_quartered_pool_little
Lair:4:   guppyfry_snake_entry_island
Lair:6:   serial_bayou_ford_a, minivault_19, st_stairs_8, lookout_lair_type,
          wad_woods_road_06
Lair:7:   small_statue_intersection
Lair:8:   minmay_lair_end_frog_pond, nicolae_slime_entry_slimehenge,
          grunt_forest_small_clearing_treed
Orc:1:    statue_in_the_mist_lemuel
Orc:2:    nicolae_orc_flooded_monolith
Orc:3:    serial_shops, shop, nicolae_orc_pool_cavern, hangedman_minor_magic
Orc:4:    pf_orc_diabolical, minmay_orc_keep, uniq_maud, uniq_snorg
Sewer:    kennysheep_sewer_church

Action                   |  1- 3 |  4- 6 |  7- 9 | 10-12 | 13-15 || total
-------------------------+-------+-------+-------+-------+-------++-------
Melee: Dagger            |    23 |       |   127 |       |       ||   150
       Unarmed           |     7 |       |       |       |       ||     7
       Spear             |    82 |   215 |       |       |       ||   297
       Short sword       |       |       |   394 |   530 |       ||   924
       Falchion          |       |       |       |   492 |  1392 ||  1884
       Rapier            |       |       |       |       |    15 ||    15
 Fire: Blowgun           |       |       |    30 |    40 |       ||    70
 Cast: Pain              |    61 |    12 |    20 |    23 |    16 ||   132
       Animate Skeleton  |     5 |     3 |     3 |    26 |    12 ||    49
       Vampiric Draining |     2 |    18 |   123 |   238 |   141 ||   522
       Animate Dead      |       |     1 |     3 |     3 |     3 ||    10
       Control Undead    |       |       |     2 |       |       ||     2
       Cigotuvi's Embrac |       |       |       |     9 |     2 ||    11
       Agony             |       |       |       |       |    49 ||    49
Invok: Minor Destruction |       |       |    41 |     1 |       ||    42
       Lesser Servant of |       |       |       |    10 |     3 ||    13
       Major Destruction |       |       |       |     2 |       ||     2
       Greater Servant o |       |       |       |     1 |     1 ||     2
Evoke: Wand              |     1 |     3 |     1 |     4 |     9 ||    18
  Use: Scroll            |       |     3 |    13 |    18 |     2 ||    36
       Potion            |       |     2 |     1 |       |       ||     3
 Stab: Sleeping          |       |     3 |     7 |    21 |     5 ||    36
       Distracted        |       |       |     1 |     8 |     4 ||    13
  Eat: Chunk             |     3 |     4 |    17 |    37 |    36 ||    97
       Bread ration      |       |     1 |     2 |       |       ||     3
       Pizza             |       |       |     1 |     3 |       ||     4
       Fruit             |       |       |       |     4 |       ||     4
       Royal jelly       |       |       |       |     1 |       ||     1
